 Dungeon Crawl Stone Soup version 0.25-a0-1118-g1a081956a1 (webtiles) character file.

Game seed: 7377311278486820506, levelgen mode: deterministic

67 Gynju the Magician (level 3, 0/19 HPs)
             Began as a Deep Elf Wizard on May 17, 2020.
             Slain by Sigmund
             ... wielding a +0 scythe
              (8 damage)
             ... on level 3 of the Dungeon.
             The game lasted 00:03:07 (2244 turns).

Gynju the Magician (Deep Elf Wizard)                Turns: 2244, Time: 00:03:08

Health: 0/19       AC:  2    Str:  4    XL:     3   Next: 98%
Magic:  9/11       EV: 12    Int: 23    God:
Gold:   111        SH:  4    Dex: 13    Spells: 7/12 levels left

rFire    . . .     SeeInvis .   f - +2 dagger (venom)
rCold    . . .     Gourm    .   i - +0 buckler
rNeg     . . .     Faith    .   a - +0 robe
rPois    .         Spirit   .   b - +0 hat
rElec    .         Reflect  .   (no cloak)
rCorr    .         Harm     .   (no gloves)
MR       .....                  (no boots)
Stlth    ++........             (no amulet)
HPRegen  0.06/turn              (no ring)
MPRegen  0.12/turn              (no ring)

@: no status effects
A: no striking features
a: no special abilities


You were on level 3 of the Dungeon.
You were hungry.

You visited 1 branch of the dungeon, and saw 3 of its levels.

You collected 111 gold pieces.

Inventory:

Hand Weapons
 f - a +2 dagger of venom (weapon)
Armour
 a - a +0 robe (worn)
 b - a +0 hat (worn)
 i - a +0 buckler (worn)
Jewellery
 q - an uncursed amulet of faith {unknown}
 t - an uncursed ring of ice
Scrolls
 c - a scroll of magic mapping {unknown}
 g - 2 scrolls of teleportation {unknown}
 j - a scroll of amnesia {unknown}
 k - a scroll of enchant weapon {unknown}
 m - a scroll of fog {unknown}
 o - a scroll of random uselessness {unknown}
 p - 2 scrolls of immolation {unknown}
 s - a scroll of remove curse {unknown}
Potions
 e - a potion of flight {unknown}
 h - 2 potions of magic {unknown}
 l - 2 potions of curing {unknown}
 n - 2 potions of mutation {unknown}
Comestibles
 d - 2 rations


   Skills:
 - Level 2.4 Dodging
 + Level 3.6 Stealth
 + Level 1.0 Shields
 + Level 5.1 Spellcasting
 + Level 2.3 Conjurations
 - Level 1.1 Summonings
 - Level 1.1 Translocations


You had 7 spell levels left.
You knew the following spells:

 Your Spells              Type           Power        Failure   Level  Hunger
a - Magic Dart            Conj           ###.         5%          1    None
b - Blink                 Tloc           N/A          13%         2    None
c - Call Imp              Summ           ##......     13%         2    None

Your spell library contained the following spells:

 Spells                   Type           Power        Failure   Level  Hunger
 Slow                     Hex            #.......     21%         2    None
 Conjure Flame            Conj/Fire      ##......     26%         3    ##.....
 Mephitic Cloud           Conj/Pois/Air  #.......     30%         3    ##.....


Dungeon Overview and Level Annotations

Branches:
Dungeon (3/15)

Altars:
Fedhas

Annotations:
D:3 Sigmund


Message History

Sigmund is heavily wounded.
Sigmund says, "Look into my eyes."
Sigmund hits you with a +0 scythe!
Ouch! That really hurt!
Casting: Magic Dart (safe; 5% risk of failure)
Confirm with . or Enter, or press ? or * to list all spells.
Aiming: Magic Dart (safe; 5% risk of failure)
Press: ? - help, Shift-Dir - straight line, f - Sigmund
Aim: Sigmund, wielding a +0 scythe and wearing a +0 robe (heavily wounded, extremely poisoned)
The magic dart hits Sigmund.
Sigmund is severely wounded.
Casting: Magic Dart (safe; 5% risk of failure)
Confirm with . or Enter, or press ? or * to list all spells.
Aiming: Magic Dart (safe; 5% risk of failure)
Press: ? - help, Shift-Dir - straight line, f/p - Sigmund
Aim: Sigmund, wielding a +0 scythe and wearing a +0 robe (severely wounded, extremely poisoned)
The magic dart hits Sigmund.
Sigmund is almost dead.
Sigmund hits you with a +0 scythe!
You die...

# #. #.# ...
##.######
#.......#
#..g@...#
#.....@....#
...........#
###........#
......S$..#
####.......#
####....#
....#.


You could see Sigmund (extremely poisoned), an adder (asleep) and a hobgoblin.

Vanquished Creatures
  4 worms (D:2)
  A dart slug (D:1)
  3 leopard geckos (D:2)
  3 giant cockroaches
  7 goblins
  3 hobgoblins
  4 bats (D:1)
  2 frilled lizards (D:1)
  5 kobolds
  5 rats
37 creatures vanquished.

Vanquished Creatures (collateral kills)
  Terence (D:2)
1 creature vanquished.

Grand Total: 38 creatures vanquished

Notes
Turn   | Place    | Note
-------+----------+-------------------------------------------
     0 | D:1      | Gynju the Deep Elf Wizard began the quest for the Orb.
     0 | D:1      | Reached XP level 1. HP: 10/10 MP: 7/7
   231 | D:1      | Reached XP level 2. HP: 15/15 MP: 6/9
   962 | D:2      | Noticed Terence
  1021 | D:1      | Learned a level 2 spell: Blink
  1024 | D:1      | Learned a level 2 spell: Call Imp
  1081 | D:2      | Killed Terence
  1081 | D:2      | Reached XP level 3. HP: 12/19 MP: 3/11
  1412 | D:2      | Reached skill level 5 in Spellcasting
  1802 | D:2      | Reached skill level 1 in Shields
  2175 | D:2      | Found a blossoming altar of Fedhas.
  2241 | D:3      | Noticed Sigmund
  2244 | D:3      | Slain by Sigmund

Illustrated notes

Levels and vault maps discovered:
D:1:      lemuel_arrival_muddy, layout_rooms
D:2:      layout_loops_corners, lemuel_coloured_pillars_altar,
          chequers_serial_rivers_marsh, uniq_terence
D:3:      layout_loops_ring, uniq_crazy_yiuf_cottage, uniq_natasha, uniq_sigmund

Skill      XL: |  1  2  3 |
---------------+----------+-----
Stealth        | 3 |  3.6
Conjurations   | 2 |  2.3
Spellcasting   | 5 |  5.1
Shields        | 1 |  1.0
Dodging        | |  2.4
Summonings     | |  1.1
Translocations | |  1.1

Action                   || total
-------------------------++-------
Melee: Hand axe          ||     6
       Dagger            ||     3
 Cast: Magic Dart        ||   107
       Call Imp          ||     2
 Stab: Sleeping          ||     1
  Eat: Chunk             ||     3
Armor: Robe              ||     9
Dodge: Dodged            ||    27
Block: Buckler           ||     9

Table legend:
 A = Non-vault XP
 B = Vault XP
 C = Vault XP percentage of total XP
 D = Non-vault monster count
 E = Vault monster count
 F = Vault count percentage of total count
                 A         B        C        D         E       F
            +---------+---------+-------+---------+---------+-------
      Total |      77 |      19 |  19.8 |      37 |       1 |   2.6
            +---------+---------+-------+---------+---------+-------
        D:1 |      24 |       0 |   0.0 |      16 |       0 |   0.0
        D:2 |      53 |      19 |  26.4 |      21 |       1 |   4.5
            +---------+---------+-------+---------+---------+-------
